Connexion

Vancouver Canucks vs Chicago Blackhawks

Created - 25 April 2024 at 23:40

Goals
1 2 3 OT1 T
Vancouver Canucks 0 0 1 0 1
Chicago Blackhawks 0 0 1 1 2
Shots
1 2 3 OT1 T
Vancouver Canucks 10 11 11 2 34
Chicago Blackhawks 12 8 8 5 33

GoalsPenalties
1st period
No Goal
Nick Foligno (CHI) for High sticking (Minor) at 6:42
J.T. Miller (VAN) for Holding (Minor) at 17:59
2nd period
No Goal
Corey Perry (CHI) for Slashing (Minor) at 4:14
Tyler Myers (VAN) for Tripping (Minor) at 12:36
3rd period
1. Chicago Blackhawks , Matt Grzelcyk 2 (Patrick Kane 13, Taylor Hall 5) at 2:42 (PP)
2. Vancouver Canucks , J.T. Miller 10 (Tyler Myers 5) at 4:08
Quinn Hughes (VAN) for Interference (Minor) at 0:23
Carson Soucy (VAN) for Slashing (Minor) at 2:34
Cal Foote (VAN) for Hooking (Minor) at 6:05
Cal Foote (VAN) for Cross-checking (Minor) at 8:17
Nikita Zaitsev (CHI) for Tripping (Minor) at 16:51
Overtime #1
3. Chicago Blackhawks , Philipp Kurashev 4 (Patrick Kane 14) at 3:42
No Penalty
Goalie Stats
Thatcher Demko (VAN), 31 saves from 33 shots - (0.939), OTL, 7-8-3, 63:42 minutes
Cam Talbot (CHI), 33 saves from 34 shots - (0.971), W, 9-5-0, 63:42 minutes
3 StarsOfficial
1 - Cam Talbot (CHI)
2 - Matt Grzelcyk (CHI)
3 - Thatcher Demko (VAN)
Referees : Robert Hennessey and Chris Schlenker
Linesman : Vaughan Rody and Kory Nagy
Game Note
No Game Note
Finance
Level 1 -- Attendance: 6000 (100.00%) -- Ticket Income $600,000
Level 2 -- Attendance: 5000 (100.00%) -- Ticket Income $300,000
Level 3 -- Attendance: 1409 (70.45%) -- Ticket Income $49,315
Level 4 -- Attendance: 3300 (82.50%) -- Ticket Income $82,500
Luxury Box -- Attendance: 930 (93.00%) -- Ticket Income $186,000
Game was played at the United Center.
Total Attendance: 16639 (92.44%)
Total Ticket Income: $1,217,815
Other Income: $596,729
Total Income: $1,814,544



Team Name Goals Shots Shots Attemp Shots Blocked PIM HIT PP PK FO%
Vancouver Canucks 134591512200 / 3 (0%)145%
Chicago Blackhawks 2336776211 / 6 (17%)055%

Vancouver Canucks
Player Name POS G A P +/- PIM HIT SHT SB MP PP MP PP SHT PK MP PK SHT FO% FOT GA TA
Andrei KuzmenkoLW0001001221:163:1200:1700% 330
Anthony BeauvillierLW000-1001118:592:3704:23067% 300
Brock BoeserRW0000026020:543:1220:0000% 100
Cal FooteD0001402112:140:0000:2200% 000
Carson SoucyD0001212117:463:5222:0200% 000
Conor GarlandRW0000011220:312:3715:2300% 221
Dakota JoshuaC000000005:420:0000:040100% 100
Elias PetterssonC0000008017:512:3702:30050% 600
Filip HronekD0000031121:012:0504:3310% 020
Ian ColeD0000030120:102:0504:1100% 010
Ilya MikheyevRW0000002010:280:0800:000100% 200
J.T. MillerC1011221224:593:2003:27046% 3522
Pius SuterC000001019:460:0000:0000% 000
Quinn HughesD000-1235028:423:5204:4000% 021
Sam LaffertyC0000001010:280:0000:00033% 300
Sheldon DriesC000001116:210:0000:4400% 000
Teddy BluegerC000001019:470:0803:18050% 200
Tyler MyersD0110222124:020:0004:1800% 002
Chicago Blackhawks
Player Name POS G A P +/- PIM HIT SHT SB MP PP MP PP SHT PK MP PK SHT FO% FOT GA TA
Boris KatchoukLW0000044113:270:0003:4700% 001
Cole GuttmanC0000003015:074:1500:00033% 910
Connor MurphyD0001020124:225:2401:1500% 000
Corey PerryRW0000224117:064:1500:000100% 211
Jarred TinordiD000-1010020:044:3901:2200% 002
Joey AndersonRW0000003012:090:1301:3800% 000
Jonatan BerggrenRW0000010010:390:0000:0000% 010
Kevin StenlundC0000000015:400:5203:33074% 2311
Matt GrzelcykD1010012122:004:3911:5700% 012
Nick BlankenburgD0000011021:205:2412:0200% 001
Nick FolignoLW000-1221117:573:4110:00025% 401
Nikita ZaitsevD0000220016:370:0001:2700% 000
Patrick KaneRW0220005018:445:0910:00033% 301
Patrik NemethD000-1042219:250:0003:5100% 001
Philipp KurashevC1010003018:045:1200:46054% 1301
Robby FabbriLW0000002012:040:1500:3200% 000
Sam CarrickC0000000012:190:3501:38033% 300
Taylor HallLW0110013018:025:4200:0000% 110

Vancouver Canucks

5 vs 5 Forward
Line #Left WingCenterRight WingPHYDFOFWanted %Time %Time Play
1Andrei KuzmenkoJ.T. MillerBrock Boeser1224540%17:29
2Anthony BeauvillierElias PetterssonConor Garland1223025%11:08
3Pius SuterSam LaffertyIlya Mikheyev1221822%9:46
4Teddy BluegerDakota JoshuaSheldon Dries122713%5:37
5 vs 5 Defense
Line #DefenseDefensePHYDFOFWanted %Time %Time Play
1Quinn HughesTyler Myers1224136%16:03
2Ian ColeFilip Hronek1223032%14:06
3Carson SoucyCal Foote1222026%11:14
4Quinn HughesTyler Myers12296%2:37
Power Play Forward
Line #Left WingCenterRight WingPHYDFOFWanted %Time %Time Play
1Andrei KuzmenkoJ.T. MillerBrock Boeser1226056%3:20
2Anthony BeauvillierElias PetterssonConor Garland1224044%2:37
Power Play Defense
Line #DefenseDefensePHYDFOFWanted %Time %Time Play
1Quinn HughesCarson Soucy1226065%3:52
2Ian ColeFilip Hronek1224035%2:05
Penalty Kill 4 Players Forward
Line #CenterWingPHYDFOFWanted %Time %Time Play
1J.T. MillerConor Garland1226075%7:33
2Elias PetterssonAnthony Beauvillier1224025%2:30
Penalty Kill 4 Players Defense
Line #DefenseDefensePHYDFOFWanted %Time %Time Play
1Tyler MyersQuinn Hughes1226070%7:00
2Ian ColeFilip Hronek1224030%3:03
Penalty Kill 3 Players
Line #WingPHYDFOFWanted %Time %Time PlayDefenseDefensePHYDFOFWanted %Time %Time Play
1J.T. Miller122600%0:00 Tyler MyersCarson Soucy122600%0:00
2Elias Pettersson122400%0:00 Ian ColeFilip Hronek122400%0:00
4 vs 4 Forward
Line #CenterWingPHYDFOFWanted %Time %Time Play
1J.T. MillerConor Garland122600%0:00
2Elias PetterssonAnthony Beauvillier122400%0:00
4 vs 4 Defense
Line #DefensePHYDFOFWanted %Time %Time Play
1Quinn HughesTyler Myers122600%0:00
2Ian ColeFilip Hronek122400%0:00
Last Minutes Offensive
Left WingCenterRight WingDefenseDefense
Andrei KuzmenkoJ.T. MillerBrock BoeserQuinn HughesTyler Myers
Last Minutes Defensive
Left WingCenterRight WingDefenseDefense
Andrei KuzmenkoJ.T. MillerBrock BoeserQuinn HughesTyler Myers
Time
Total ForwardTotal DefenseLast Minutes OffensiveLast Minutes Defensive
60:00 60:00 0:000:00
Extra Forwards
Normal PowerPlayPenalty Kill
Conor Garland, Anthony Beauvillier, Sam LaffertyConor Garland, Anthony BeauvillierConor Garland
Extra Defensemen
Normal PowerPlayPenalty Kill
Filip Hronek, Carson Soucy, Ian ColeFilip Hronek, Filip HronekCarson Soucy
Penalty Shots
J.T. Miller, Elias Pettersson, Anthony Beauvillier, Andrei Kuzmenko, Conor Garland
Goalie
Thatcher Demko, Casey DeSmith
Custom OT Lines Forwards
J.T. Miller, Elias Pettersson, Andrei Kuzmenko, Brock Boeser, Conor Garland, Anthony Beauvillier, Sam Lafferty, Ilya Mikheyev, Dakota Joshua, Pius Suter
Custom OT Lines Defensemen
Quinn Hughes, Tyler Myers, Ian Cole, Filip Hronek, Carson Soucy
Scratches
Phillip Di-Giuseppe (Healthy), Nils Hoglander (Healthy), Matt Irwin (Suspend), Noah Juulsen (Healthy)

Chicago Blackhawks

5 vs 5 Forward
Line #Left WingCenterRight WingPHYDFOFWanted %Time %Time Play
1Nick FolignoPhilipp KurashevPatrick Kane1223028%12:12
2Taylor HallKevin StenlundCorey Perry1223026%11:29
3Robby FabbriCole GuttmanJonatan Berggren1222224%10:39
4Boris KatchoukSam CarrickJoey Anderson1221822%9:40
5 vs 5 Defense
Line #DefenseDefensePHYDFOFWanted %Time %Time Play
1Connor MurphyMatt Grzelcyk1223637%16:18
2Patrik NemethJarred Tinordi1223334%14:56
3Nick BlankenburgNikita Zaitsev1223129%12:46
4Connor MurphyMatt Grzelcyk12200%0:00
Power Play Forward
Line #Left WingCenterRight WingPHYDFOFWanted %Time %Time Play
1Taylor HallPhilipp KurashevPatrick Kane1226058%5:48
2Nick FolignoCole GuttmanCorey Perry1224042%4:15
Power Play Defense
Line #DefenseDefensePHYDFOFWanted %Time %Time Play
1Connor MurphyNick Blankenburg1226054%5:24
2Matt GrzelcykJarred Tinordi1224046%4:39
Penalty Kill 4 Players Forward
Line #CenterWingPHYDFOFWanted %Time %Time Play
1Kevin StenlundBoris Katchouk1226073%4:19
2Sam CarrickJoey Anderson1224027%1:38
Penalty Kill 4 Players Defense
Line #DefenseDefensePHYDFOFWanted %Time %Time Play
1Patrik NemethNikita Zaitsev1226077%4:35
2Jarred TinordiNick Blankenburg1224023%1:22
Penalty Kill 3 Players
Line #WingPHYDFOFWanted %Time %Time PlayDefenseDefensePHYDFOFWanted %Time %Time Play
1Kevin Stenlund122600%0:00 Patrik NemethNikita Zaitsev122600%0:00
2Sam Carrick122400%0:00 Jarred TinordiNick Blankenburg122400%0:00
4 vs 4 Forward
Line #CenterWingPHYDFOFWanted %Time %Time Play
1Cole GuttmanPatrick Kane122600%0:00
2Philipp KurashevTaylor Hall122400%0:00
4 vs 4 Defense
Line #DefensePHYDFOFWanted %Time %Time Play
1Connor MurphyMatt Grzelcyk122600%0:00
2Patrik NemethJarred Tinordi122400%0:00
Last Minutes Offensive
Left WingCenterRight WingDefenseDefense
Taylor HallPhilipp KurashevPatrick KaneMatt GrzelcykConnor Murphy
Last Minutes Defensive
Left WingCenterRight WingDefenseDefense
Nick FolignoKevin StenlundCorey PerryConnor MurphyPatrik Nemeth
Time
Total ForwardTotal DefenseLast Minutes OffensiveLast Minutes Defensive
60:00 60:00 0:000:00
Extra Forwards
Normal PowerPlayPenalty Kill
Kevin Stenlund, Corey Perry, Philipp KurashevKevin Stenlund, Corey PerryPhilipp Kurashev
Extra Defensemen
Normal PowerPlayPenalty Kill
Nick Blankenburg, Nikita Zaitsev, Patrik NemethNick Blankenburg, Nikita ZaitsevPatrik Nemeth
Penalty Shots
Patrick Kane, Philipp Kurashev, Taylor Hall, Corey Perry, Robby Fabbri
Goalie
Cam Talbot, David Rittich
Custom OT Lines Forwards
Patrick Kane, Taylor Hall, Nick Foligno, Corey Perry, Philipp Kurashev, Robby Fabbri, Jonatan Berggren, Boris Katchouk, Cole Guttman, Kevin Stenlund
Custom OT Lines Defensemen
Connor Murphy, Matt Grzelcyk, Nick Blankenburg, Patrik Nemeth, Jarred Tinordi
Scratches
Tyler Johnson (Broken Right Foot Toe Injury)


Play-by-Play

1st period


0:01 of 1st period - J.T. Miller wins face-off versus Philipp Kurashev in neutral zone.
0:16 of 1st period - Wrist shot by J.T. Miller.
0:16 of 1st period - Deflect By Andrei Kuzmenko.
0:16 of 1st period - Shot Blocked by Connor Murphy.
0:16 of 1st period - Puck is out of play.
0:17 of 1st period - Elias Pettersson wins face-off versus Kevin Stenlund in Chicago Blackhawks zone.
0:32 of 1st period - Snap shot by Corey Perry.
0:32 of 1st period - Stopped by Thatcher Demko without a rebound.
0:33 of 1st period - Ilya Mikheyev wins face-off versus Cole Guttman in Vancouver Canucks zone.
0:59 of 1st period - Joey Anderson is hit by J.T. Miller and loses puck.
1:26 of 1st period - Snap shot by Nick Blankenburg.
1:26 of 1st period - Shot Misses the Net.
2:30 of 1st period - Wrist shot by Robby Fabbri.
2:30 of 1st period - Shot Misses the Net.
3:53 of 1st period - Snap shot by Jonatan Berggren.
3:53 of 1st period - Shot Blocked by Anthony Beauvillier.
4:43 of 1st period - Wrist shot by Elias Pettersson.
4:43 of 1st period - Stopped by Cam Talbot with a rebound.
4:45 of 1st period - Snap shot by Tyler Myers.
4:45 of 1st period - Stopped by Cam Talbot without a rebound.
4:46 of 1st period - J.T. Miller wins face-off versus Kevin Stenlund in Chicago Blackhawks zone.
5:38 of 1st period - Slapshot by Matt Grzelcyk.
5:38 of 1st period - Deflect By Boris Katchouk.
5:38 of 1st period - Stopped by Thatcher Demko with a rebound.
5:40 of 1st period - Snap shot by Joey Anderson.
5:40 of 1st period - Shot Blocked by Teddy Blueger.
5:44 of 1st period - Snap shot by Boris Katchouk.
5:44 of 1st period - Stopped by Thatcher Demko with a rebound.
6:23 of 1st period - Patrik Nemeth is hit by Pius Suter and loses puck.
6:42 of 1st period - Minor Penalty to Nick Foligno for High sticking.
6:43 of 1st period - Kevin Stenlund wins face-off versus J.T. Miller in Chicago Blackhawks zone.
6:48 of 1st period - Slapshot by J.T. Miller.
6:48 of 1st period - Shot Hit the Post.
6:50 of 1st period - Slapshot by Brock Boeser.
6:50 of 1st period - Stopped by Cam Talbot with a rebound.
6:52 of 1st period - Wrist shot by Andrei Kuzmenko.
6:52 of 1st period - Shot Misses the Net.
6:54 of 1st period - Slapshot by Carson Soucy.
6:54 of 1st period - Stopped by Cam Talbot with a rebound.
6:56 of 1st period - Snap shot by Brock Boeser.
6:56 of 1st period - Shot Misses the Net.
6:58 of 1st period - Slapshot by Carson Soucy.
6:58 of 1st period - Stopped by Cam Talbot without a rebound.
6:59 of 1st period - Kevin Stenlund wins face-off versus J.T. Miller in Chicago Blackhawks zone.
8:10 of 1st period - Icing by Ian Cole.
8:11 of 1st period - Kevin Stenlund wins face-off versus J.T. Miller in Vancouver Canucks zone.
8:26 of 1st period - Snap shot by Conor Garland.
8:26 of 1st period - Stopped by Cam Talbot without a rebound.
8:27 of 1st period - Sam Carrick wins face-off versus Elias Pettersson in Chicago Blackhawks zone.
8:42 of 1st period - Penalty to Nick Foligno is over, Nick Foligno is back on ice.
9:05 of 1st period - Dakota Joshua is hit by Patrik Nemeth and loses puck.
9:22 of 1st period - Snap shot by Philipp Kurashev.
9:22 of 1st period - Shot Misses the Net.
9:24 of 1st period - Slapshot by Patrik Nemeth.
9:24 of 1st period - Shot Hit the Post.
9:26 of 1st period - Slapshot by Nikita Zaitsev.
9:26 of 1st period - Shot Misses the Net.
9:28 of 1st period - Snap shot by Philipp Kurashev.
9:28 of 1st period - Stopped by Thatcher Demko without a rebound.
9:29 of 1st period - Kevin Stenlund wins face-off versus J.T. Miller in Vancouver Canucks zone.
9:58 of 1st period - Anthony Beauvillier is hit by Nick Foligno and loses puck.
10:27 of 1st period - Wrist shot by Sam Carrick.
10:27 of 1st period - Shot Misses the Net.
10:29 of 1st period - Snap shot by Boris Katchouk.
10:29 of 1st period - Shot Misses the Net.
11:52 of 1st period - Snap shot by Elias Pettersson.
11:52 of 1st period - Shot Blocked by Boris Katchouk.
11:58 of 1st period - Anthony Beauvillier is hit by Boris Katchouk.
11:59 of 1st period - Icing by Anthony Beauvillier.
12:00 of 1st period - Elias Pettersson wins face-off versus Kevin Stenlund in Vancouver Canucks zone.
12:07 of 1st period - Slapshot by Elias Pettersson.
12:07 of 1st period - Stopped by Cam Talbot with a rebound.
12:09 of 1st period - Slapshot by Elias Pettersson.
12:09 of 1st period - Stopped by Cam Talbot without a rebound.
12:10 of 1st period - Kevin Stenlund wins face-off versus J.T. Miller in Chicago Blackhawks zone.
12:10 of 1st period - Kevin Stenlund is hit by Brock Boeser.
12:49 of 1st period - Slapshot by Quinn Hughes.
12:49 of 1st period - Stopped by Cam Talbot with a rebound.
13:29 of 1st period - Wrist shot by Joey Anderson.
13:29 of 1st period - Stopped by Thatcher Demko with a rebound.
13:31 of 1st period - Wrist shot by Boris Katchouk.
13:31 of 1st period - Stopped by Thatcher Demko with a rebound.
13:33 of 1st period - Snap shot by Joey Anderson.
13:33 of 1st period - Stopped by Thatcher Demko with a rebound.
13:43 of 1st period - Ian Cole is hit by Connor Murphy and loses puck.
13:52 of 1st period - Wrist shot by Robby Fabbri.
13:52 of 1st period - Stopped by Thatcher Demko with a rebound.
13:54 of 1st period - Snap shot by Cole Guttman.
13:54 of 1st period - Stopped by Thatcher Demko with a rebound.
14:08 of 1st period - Slapshot by Patrick Kane.
14:08 of 1st period - Shot Blocked by Cal Foote.
14:10 of 1st period - Snap shot by Patrick Kane.
14:10 of 1st period - Shot Blocked by Sheldon Dries.
15:31 of 1st period - Snap shot by Joey Anderson.
15:31 of 1st period - Stopped by Thatcher Demko without a rebound.
15:32 of 1st period - Kevin Stenlund wins face-off versus J.T. Miller in Vancouver Canucks zone.
15:43 of 1st period - Snap shot by J.T. Miller.
15:43 of 1st period - Shot Misses the Net.
15:45 of 1st period - Wrist shot by Brock Boeser.
15:45 of 1st period - Shot Misses the Net.
16:27 of 1st period - Slapshot by Ilya Mikheyev.
16:27 of 1st period - Stopped by Cam Talbot without a rebound.
16:28 of 1st period - J.T. Miller wins face-off versus Philipp Kurashev in Chicago Blackhawks zone.
16:35 of 1st period - Snap shot by Andrei Kuzmenko.
16:35 of 1st period - Shot Misses the Net.
16:38 of 1st period - Icing by Patrick Kane.
16:39 of 1st period - Philipp Kurashev wins face-off versus J.T. Miller in Chicago Blackhawks zone.
17:00 of 1st period - Wrist shot by Patrick Kane.
17:00 of 1st period - Stopped by Thatcher Demko with a rebound.
17:02 of 1st period - Slapshot by Patrik Nemeth.
17:02 of 1st period - Stopped by Thatcher Demko with a rebound.
17:24 of 1st period - Slapshot by J.T. Miller.
17:24 of 1st period - Shot Blocked by Nick Foligno.
17:47 of 1st period - Quinn Hughes is hit by Patrik Nemeth and loses puck.
17:59 of 1st period - Minor Penalty to J.T. Miller for Holding.
18:00 of 1st period - Teddy Blueger wins face-off versus Cole Guttman in Vancouver Canucks zone.
18:14 of 1st period - Snap shot by Kevin Stenlund.
18:14 of 1st period - Shot Blocked by Conor Garland.
18:16 of 1st period - Snap shot by Connor Murphy.
18:16 of 1st period - Shot Blocked by Conor Garland.
18:26 of 1st period - Joey Anderson is hit by Ian Cole and loses puck.
19:11 of 1st period - Kevin Stenlund is hit by Sheldon Dries and loses puck.
19:59 of 1st period - Penalty to J.T. Miller is over, J.T. Miller is back on ice.
Goals for this period are 0 for Vancouver Canucks vs 0 for Chicago Blackhawks.
Shots for this period are 10 for Vancouver Canucks vs 12 for Chicago Blackhawks.

2nd period


0:01 of 2nd period - Kevin Stenlund wins face-off versus J.T. Miller in neutral zone.
0:20 of 2nd period - Connor Murphy is hit by Tyler Myers and loses puck.
2:01 of 2nd period - Wrist shot by Elias Pettersson.
2:01 of 2nd period - Stopped by Cam Talbot without a rebound.
2:02 of 2nd period - Elias Pettersson wins face-off versus Sam Carrick in Chicago Blackhawks zone.
2:03 of 2nd period - Wrist shot by Conor Garland.
2:03 of 2nd period - Deflect By Elias Pettersson.
2:03 of 2nd period - Stopped by Cam Talbot with a rebound.
2:05 of 2nd period - Slapshot by Quinn Hughes.
2:05 of 2nd period - Stopped by Cam Talbot with a rebound.
2:07 of 2nd period - Wrist shot by Elias Pettersson.
2:07 of 2nd period - Shot Misses the Net.
2:09 of 2nd period - Slapshot by Quinn Hughes.
2:09 of 2nd period - Deflect By Patrik Nemeth.
2:09 of 2nd period - Stopped by Cam Talbot with a rebound.
2:37 of 2nd period - Snap shot by Elias Pettersson.
2:37 of 2nd period - Stopped by Cam Talbot with a rebound.
2:39 of 2nd period - Slapshot by Filip Hronek.
2:39 of 2nd period - Shot Misses the Net.
2:41 of 2nd period - Snap shot by Elias Pettersson.
2:41 of 2nd period - Stopped by Cam Talbot without a rebound.
2:42 of 2nd period - J.T. Miller wins face-off versus Kevin Stenlund in Chicago Blackhawks zone.
2:43 of 2nd period - Snap shot by Brock Boeser.
2:43 of 2nd period - Shot Blocked by Corey Perry.
2:51 of 2nd period - Snap shot by Corey Perry.
2:51 of 2nd period - Shot Misses the Net.
2:53 of 2nd period - Slapshot by Nick Blankenburg.
2:53 of 2nd period - Shot Misses the Net.
2:55 of 2nd period - Snap shot by Corey Perry.
2:55 of 2nd period - Stopped by Thatcher Demko without a rebound.
2:56 of 2nd period - Kevin Stenlund wins face-off versus J.T. Miller in Vancouver Canucks zone.
3:03 of 2nd period - Wrist shot by Taylor Hall.
3:03 of 2nd period - Shot Misses the Net.
3:05 of 2nd period - Snap shot by Corey Perry.
3:05 of 2nd period - Stopped by Thatcher Demko with a rebound.
3:07 of 2nd period - Snap shot by Corey Perry.
3:07 of 2nd period - Shot Blocked by Andrei Kuzmenko.
3:09 of 2nd period - Wrist shot by Corey Perry.
3:09 of 2nd period - Stopped by Thatcher Demko with a rebound.
3:11 of 2nd period - Slapshot by Patrik Nemeth.
3:11 of 2nd period - Deflect By J.T. Miller.
3:11 of 2nd period - Stopped by Thatcher Demko without a rebound.
3:12 of 2nd period - J.T. Miller wins face-off versus Philipp Kurashev in Vancouver Canucks zone.
3:19 of 2nd period - Snap shot by J.T. Miller.
3:19 of 2nd period - Shot Misses the Net.
3:35 of 2nd period - Quinn Hughes is hit by Patrik Nemeth and loses puck.
3:51 of 2nd period - Off-side.
3:52 of 2nd period - Kevin Stenlund wins face-off versus Elias Pettersson in neutral zone.
4:14 of 2nd period - Minor Penalty to Corey Perry for Slashing.
4:15 of 2nd period - Kevin Stenlund wins face-off versus J.T. Miller in Chicago Blackhawks zone.
4:27 of 2nd period - Snap shot by Brock Boeser.
4:27 of 2nd period - Stopped by Cam Talbot without a rebound.
4:28 of 2nd period - Kevin Stenlund wins face-off versus Andrei Kuzmenko in Chicago Blackhawks zone.
6:14 of 2nd period - Penalty to Corey Perry is over, Corey Perry is back on ice.
6:26 of 2nd period - Backhand shot by Philipp Kurashev.
6:26 of 2nd period - Shot Misses the Net.
6:28 of 2nd period - Snap shot by Philipp Kurashev.
6:28 of 2nd period - Stopped by Thatcher Demko with a rebound.
6:30 of 2nd period - Wrist shot by Nikita Zaitsev.
6:30 of 2nd period - Shot Misses the Net.
6:32 of 2nd period - Slapshot by Nick Foligno.
6:32 of 2nd period - Deflect By Patrick Kane.
6:32 of 2nd period - Stopped by Thatcher Demko without a rebound.
6:33 of 2nd period - Sam Lafferty wins face-off versus Cole Guttman in Vancouver Canucks zone.
6:46 of 2nd period - Wrist shot by Filip Hronek.
6:46 of 2nd period - Shot Misses the Net.
6:48 of 2nd period - Slapshot by Tyler Myers.
6:48 of 2nd period - Deflect By Connor Murphy.
6:48 of 2nd period - Stopped by Cam Talbot with a rebound.
8:25 of 2nd period - Carson Soucy is hit by Nick Foligno and loses puck.
9:14 of 2nd period - Nick Blankenburg is hit by Tyler Myers and loses puck.
9:23 of 2nd period - Quinn Hughes is hit by Boris Katchouk and loses puck.
9:38 of 2nd period - Icing by Dakota Joshua.
9:39 of 2nd period - Dakota Joshua wins face-off versus Cole Guttman in Vancouver Canucks zone.
10:12 of 2nd period - Snap shot by Sheldon Dries.
10:12 of 2nd period - Stopped by Cam Talbot with a rebound.
10:14 of 2nd period - Slapshot by Carson Soucy.
10:14 of 2nd period - Shot Blocked by Patrik Nemeth.
10:16 of 2nd period - Slapshot by Cal Foote.
10:16 of 2nd period - Stopped by Cam Talbot without a rebound.
10:17 of 2nd period - Kevin Stenlund wins face-off versus J.T. Miller in Chicago Blackhawks zone.
10:28 of 2nd period - Nick Blankenburg is hit by Filip Hronek and loses puck.
10:50 of 2nd period - Boris Katchouk is hit by Brock Boeser and loses puck.
11:46 of 2nd period - Andrei Kuzmenko is hit by Boris Katchouk and loses puck.
12:29 of 2nd period - Wrist shot by Andrei Kuzmenko.
12:29 of 2nd period - Stopped by Cam Talbot without a rebound.
12:30 of 2nd period - Corey Perry wins face-off versus Conor Garland in Chicago Blackhawks zone.
12:36 of 2nd period - Minor Penalty to Tyler Myers for Tripping.
12:37 of 2nd period - Philipp Kurashev wins face-off versus Elias Pettersson in Vancouver Canucks zone.
12:37 of 2nd period - Snap shot by Patrick Kane.
12:37 of 2nd period - Stopped by Thatcher Demko with a rebound.
13:11 of 2nd period - Wrist shot by Corey Perry.
13:11 of 2nd period - Deflect By Conor Garland.
13:11 of 2nd period - Shot Blocked by Carson Soucy.
13:11 of 2nd period - Puck is out of play.
13:12 of 2nd period - Philipp Kurashev wins face-off versus Teddy Blueger in Vancouver Canucks zone.
14:11 of 2nd period - Conor Garland is hit by Nick Blankenburg.
14:36 of 2nd period - Penalty to Tyler Myers is over, Tyler Myers is back on ice.
14:42 of 2nd period - Cal Foote is hit by Matt Grzelcyk and loses puck.
15:02 of 2nd period - Sheldon Dries is hit by Jarred Tinordi and loses puck.
16:50 of 2nd period - Connor Murphy is hit by Ian Cole and loses puck.
17:03 of 2nd period - Filip Hronek is hit by Corey Perry and loses puck.
17:16 of 2nd period - Snap shot by Robby Fabbri.
17:16 of 2nd period - Stopped by Thatcher Demko with a rebound.
17:32 of 2nd period - Ian Cole is hit by Patrik Nemeth.
17:38 of 2nd period - Conor Garland is hit by Nikita Zaitsev and loses puck.
18:23 of 2nd period - Sam Carrick is hit by Conor Garland and loses puck.
18:42 of 2nd period - Slapshot by Patrick Kane.
18:42 of 2nd period - Shot Misses the Net.
18:48 of 2nd period - Snap shot by Teddy Blueger.
18:48 of 2nd period - Shot Blocked by Matt Grzelcyk.
19:08 of 2nd period - Connor Murphy is hit by Quinn Hughes and loses puck.
19:19 of 2nd period - Matt Grzelcyk is hit by Filip Hronek and loses puck.
19:26 of 2nd period - Robby Fabbri is hit by Filip Hronek and loses puck.
19:39 of 2nd period - Elias Pettersson is hit by Boris Katchouk and loses puck.
Goals for this period are 0 for Vancouver Canucks vs 0 for Chicago Blackhawks.
Shots for this period are 11 for Vancouver Canucks vs 8 for Chicago Blackhawks.

3rd period


0:01 of 3rd period - Corey Perry wins face-off versus J.T. Miller in neutral zone.
0:23 of 3rd period - Minor Penalty to Quinn Hughes for Interference.
0:24 of 3rd period - J.T. Miller wins face-off versus Philipp Kurashev in Vancouver Canucks zone.
0:41 of 3rd period - Backhand shot by Philipp Kurashev.
0:41 of 3rd period - Shot Blocked by J.T. Miller.
0:57 of 3rd period - Snap shot by Cole Guttman.
0:57 of 3rd period - Shot Blocked by Filip Hronek.
0:59 of 3rd period - Slapshot by Nick Blankenburg.
0:59 of 3rd period - Shot Blocked by Tyler Myers.
1:01 of 3rd period - Wrist shot by Nick Foligno.
1:01 of 3rd period - Stopped by Thatcher Demko with a rebound.
2:23 of 3rd period - Penalty to Quinn Hughes is over, Quinn Hughes is back on ice.
2:34 of 3rd period - Minor Penalty to Carson Soucy for Slashing.
2:35 of 3rd period - J.T. Miller wins face-off versus Philipp Kurashev in Vancouver Canucks zone.
2:40 of 3rd period - Wrist shot by Patrick Kane.
2:40 of 3rd period - Shot Misses the Net.
2:42 of 3rd period - Slapshot by Matt Grzelcyk.
2:42 of 3rd period - Goal by Matt Grzelcyk - Vancouver Canucks : 0 - Chicago Blackhawks : 1.
2:43 of 3rd period - Philipp Kurashev wins face-off versus Andrei Kuzmenko in neutral zone.
3:33 of 3rd period - Slapshot by Connor Murphy.
3:33 of 3rd period - Deflect By Robby Fabbri.
3:33 of 3rd period - Shot Blocked by Ian Cole.
3:33 of 3rd period - Puck is out of play.
3:34 of 3rd period - Cole Guttman wins face-off versus Sam Lafferty in Vancouver Canucks zone.
4:01 of 3rd period - Patrik Nemeth is hit by Quinn Hughes and loses puck.
4:08 of 3rd period - Wrist shot by J.T. Miller.
4:08 of 3rd period - Goal by J.T. Miller - Vancouver Canucks : 1 - Chicago Blackhawks : 1.
4:09 of 3rd period - Nick Foligno wins face-off versus Brock Boeser in neutral zone.
4:16 of 3rd period - Philipp Kurashev is hit by J.T. Miller and loses puck.
4:25 of 3rd period - Snap shot by Patrick Kane.
4:25 of 3rd period - Stopped by Thatcher Demko with a rebound.
4:37 of 3rd period - Icing by Connor Murphy.
4:38 of 3rd period - Kevin Stenlund wins face-off versus Conor Garland in Chicago Blackhawks zone.
4:38 of 3rd period - Kevin Stenlund is hit by Ian Cole.
4:54 of 3rd period - Snap shot by Elias Pettersson.
4:54 of 3rd period - Stopped by Cam Talbot without a rebound.
4:55 of 3rd period - Philipp Kurashev wins face-off versus J.T. Miller in Chicago Blackhawks zone.
5:08 of 3rd period - Snap shot by J.T. Miller.
5:08 of 3rd period - Shot Misses the Net.
5:10 of 3rd period - Slapshot by Quinn Hughes.
5:10 of 3rd period - Stopped by Cam Talbot with a rebound.
5:53 of 3rd period - Snap shot by Sam Lafferty.
5:53 of 3rd period - Stopped by Cam Talbot with a rebound.
6:05 of 3rd period - Minor Penalty to Cal Foote for Hooking.
6:06 of 3rd period - J.T. Miller wins face-off versus Taylor Hall in Vancouver Canucks zone.
6:33 of 3rd period - Corey Perry is hit by Quinn Hughes and loses puck.
6:40 of 3rd period - Slapshot by Nick Blankenburg.
6:40 of 3rd period - Deflect By Elias Pettersson.
6:40 of 3rd period - Stopped by Thatcher Demko with a rebound.
6:54 of 3rd period - Elias Pettersson is hit by Taylor Hall and loses puck.
8:05 of 3rd period - Penalty to Cal Foote is over, Cal Foote is back on ice.
8:17 of 3rd period - Minor Penalty to Cal Foote for Cross-checking.
8:18 of 3rd period - J.T. Miller wins face-off versus Philipp Kurashev in Vancouver Canucks zone.
8:30 of 3rd period - Slapshot by Filip Hronek.
8:30 of 3rd period - Stopped by Cam Talbot without a rebound.
8:31 of 3rd period - Cole Guttman wins face-off versus J.T. Miller in Chicago Blackhawks zone.
10:17 of 3rd period - Penalty to Cal Foote is over, Cal Foote is back on ice.
10:46 of 3rd period - Snap shot by Ilya Mikheyev.
10:46 of 3rd period - Stopped by Cam Talbot with a rebound.
10:56 of 3rd period - Cole Guttman is hit by Teddy Blueger and loses puck.
11:06 of 3rd period - Icing by Sheldon Dries.
11:07 of 3rd period - J.T. Miller wins face-off versus Kevin Stenlund in Vancouver Canucks zone.
11:18 of 3rd period - Slapshot by Brock Boeser.
11:18 of 3rd period - Stopped by Cam Talbot with a rebound.
11:57 of 3rd period - Quinn Hughes is hit by Nikita Zaitsev and loses puck.
12:43 of 3rd period - Icing by Carson Soucy.
12:44 of 3rd period - Kevin Stenlund wins face-off versus J.T. Miller in Vancouver Canucks zone.
12:45 of 3rd period - Wrist shot by Taylor Hall.
12:45 of 3rd period - Shot Blocked by J.T. Miller.
12:55 of 3rd period - Snap shot by Kevin Stenlund.
12:55 of 3rd period - Shot Misses the Net.
13:55 of 3rd period - Slapshot by Matt Grzelcyk.
13:55 of 3rd period - Shot Blocked by Pius Suter.
13:57 of 3rd period - Snap shot by Boris Katchouk.
13:57 of 3rd period - Stopped by Thatcher Demko without a rebound.
13:58 of 3rd period - Ilya Mikheyev wins face-off versus Sam Carrick in Vancouver Canucks zone.
14:07 of 3rd period - Backhand shot by Quinn Hughes.
14:07 of 3rd period - Stopped by Cam Talbot without a rebound.
14:08 of 3rd period - Kevin Stenlund wins face-off versus Sam Lafferty in Chicago Blackhawks zone.
14:12 of 3rd period - Off-side.
14:13 of 3rd period - Kevin Stenlund wins face-off versus Andrei Kuzmenko in neutral zone.
14:18 of 3rd period - Snap shot by Taylor Hall.
14:18 of 3rd period - Deflect By Corey Perry.
14:18 of 3rd period - Shot Misses the Net.
14:18 of 3rd period - Puck is out of play.
14:19 of 3rd period - J.T. Miller wins face-off versus Kevin Stenlund in Vancouver Canucks zone.
14:28 of 3rd period - Wrist shot by Taylor Hall.
14:28 of 3rd period - Shot Blocked by Andrei Kuzmenko.
15:12 of 3rd period - Wrist shot by Cole Guttman.
15:12 of 3rd period - Stopped by Thatcher Demko with a rebound.
15:14 of 3rd period - Wrist shot by Robby Fabbri.
15:14 of 3rd period - Shot Misses the Net.
15:16 of 3rd period - Wrist shot by Jonatan Berggren.
15:16 of 3rd period - Shot Misses the Net.
15:18 of 3rd period - Slapshot by Matt Grzelcyk.
15:18 of 3rd period - Stopped by Thatcher Demko without a rebound.
15:19 of 3rd period - Philipp Kurashev wins face-off versus J.T. Miller in Vancouver Canucks zone.
15:36 of 3rd period - Wrist shot by Andrei Kuzmenko.
15:36 of 3rd period - Shot Misses the Net.
15:46 of 3rd period - Cal Foote is hit by Jonatan Berggren and loses puck.
15:57 of 3rd period - Wrist shot by Robby Fabbri.
15:57 of 3rd period - Shot Misses the Net.
15:59 of 3rd period - Wrist shot by Cole Guttman.
15:59 of 3rd period - Stopped by Thatcher Demko with a rebound.
16:09 of 3rd period - Sam Lafferty is hit by Corey Perry and loses puck.
16:18 of 3rd period - Wrist shot by Carson Soucy.
16:18 of 3rd period - Shot Misses the Net.
16:20 of 3rd period - Slapshot by Cal Foote.
16:20 of 3rd period - Deflect By Patrik Nemeth.
16:20 of 3rd period - Stopped by Cam Talbot without a rebound.
16:21 of 3rd period - Cole Guttman wins face-off versus J.T. Miller in Chicago Blackhawks zone.
16:24 of 3rd period - Slapshot by Quinn Hughes.
16:24 of 3rd period - Deflect By Brock Boeser.
16:24 of 3rd period - Stopped by Cam Talbot with a rebound.
16:26 of 3rd period - Slapshot by Quinn Hughes.
16:26 of 3rd period - Shot Misses the Net.
16:28 of 3rd period - Wrist shot by Andrei Kuzmenko.
16:28 of 3rd period - Shot Misses the Net.
16:30 of 3rd period - Wrist shot by Brock Boeser.
16:30 of 3rd period - Stopped by Cam Talbot without a rebound.
16:31 of 3rd period - J.T. Miller wins face-off versus Cole Guttman in Chicago Blackhawks zone.
16:32 of 3rd period - Slapshot by Quinn Hughes.
16:32 of 3rd period - Deflect By J.T. Miller.
16:32 of 3rd period - Shot Misses the Net.
16:32 of 3rd period - Puck is out of play.
16:33 of 3rd period - J.T. Miller wins face-off versus Cole Guttman in Chicago Blackhawks zone.
16:34 of 3rd period - Wrist shot by Andrei Kuzmenko.
16:34 of 3rd period - Shot Misses the Net.
16:51 of 3rd period - Minor Penalty to Nikita Zaitsev for Tripping.
16:52 of 3rd period - Kevin Stenlund wins face-off versus J.T. Miller in Chicago Blackhawks zone.
17:10 of 3rd period - Patrik Nemeth is hit by Carson Soucy and loses puck.
17:29 of 3rd period - Slapshot by Quinn Hughes.
17:29 of 3rd period - Shot Blocked by Patrik Nemeth.
17:31 of 3rd period - Slapshot by Carson Soucy.
17:31 of 3rd period - Shot Misses the Net.
18:51 of 3rd period - Penalty to Nikita Zaitsev is over, Nikita Zaitsev is back on ice.
Goals for this period are 1 for Vancouver Canucks vs 1 for Chicago Blackhawks.
Shots for this period are 11 for Vancouver Canucks vs 8 for Chicago Blackhawks.

Overtime #1


0:01 of 1st overtime period - J.T. Miller wins face-off versus Nick Foligno in neutral zone.
0:26 of 1st overtime period - Brock Boeser is hit by Connor Murphy and loses puck.
0:35 of 1st overtime period - Wrist shot by Patrick Kane.
0:35 of 1st overtime period - Deflect By Andrei Kuzmenko.
0:35 of 1st overtime period - Stopped by Thatcher Demko without a rebound.
0:36 of 1st overtime period - J.T. Miller wins face-off versus Patrick Kane in Vancouver Canucks zone.
0:41 of 1st overtime period - Wrist shot by Taylor Hall.
0:41 of 1st overtime period - Stopped by Thatcher Demko without a rebound.
0:42 of 1st overtime period - Patrick Kane wins face-off versus J.T. Miller in Vancouver Canucks zone.
0:53 of 1st overtime period - Snap shot by Taylor Hall.
0:53 of 1st overtime period - Stopped by Thatcher Demko with a rebound.
0:57 of 1st overtime period - Wrist shot by Taylor Hall.
0:57 of 1st overtime period - Stopped by Thatcher Demko with a rebound.
1:36 of 1st overtime period - Off-side.
1:37 of 1st overtime period - Anthony Beauvillier wins face-off versus Nick Foligno in neutral zone.
1:39 of 1st overtime period - Off-side.
1:40 of 1st overtime period - Anthony Beauvillier wins face-off versus Nick Foligno in neutral zone.
2:05 of 1st overtime period - Snap shot by Anthony Beauvillier.
2:05 of 1st overtime period - Stopped by Cam Talbot without a rebound.
2:06 of 1st overtime period - J.T. Miller wins face-off versus Patrick Kane in Chicago Blackhawks zone.
3:04 of 1st overtime period - Slapshot by Brock Boeser.
3:04 of 1st overtime period - Stopped by Cam Talbot with a rebound.
3:38 of 1st overtime period - Off-side.
3:39 of 1st overtime period - Philipp Kurashev wins face-off versus Anthony Beauvillier in neutral zone.
3:42 of 1st overtime period - Snap shot by Philipp Kurashev.
3:42 of 1st overtime period - Goal by Philipp Kurashev - Vancouver Canucks : 1 - Chicago Blackhawks : 2.
Goals for this period are 0 for Vancouver Canucks vs 1 for Chicago Blackhawks.
Shots for this period are 2 for Vancouver Canucks vs 5 for Chicago Blackhawks.